 Dungeon Crawl Stone Soup version 0.24-a0-378-g94936e5 (webtiles) character file.

Game seed: 957899819270664765

263 topirishpotato the Covert (level 5, -3/26 HPs)
             Began as a Spriggan Assassin on June 2, 2019.
             Slain by an adder (4 damage)
             ... on level 4 of the Dungeon.
             The game lasted 00:04:58 (3934 turns).

topirishpotato the Covert (Spriggan Assassin)       Turns: 3934, Time: 00:04:58

Health: -3/26      AC:  3    Str:  7      XL:     5   Next: 97%
Magic:  6/6        EV: 18    Int: 13      God:
Gold:   121        SH:  0    Dex: 20 (22) Spells: 4/4 levels left

rFire    . . .     SeeInvis +   a - +3 dagger
rCold    . . .     Gourm    .   (shield restricted)
rNeg     . . .     Faith    .   b - +0 robe
rPois    .         Spirit   .   (helmet restricted)
rElec    .         Reflect  .   o - +0 cloak
rCorr    .         Harm     .   (gloves unavailable)
MR       .....     Rnd*Tele +   (boots unavailable)
Stlth    ++++......             (no amulet)
HPRegen  0.08/turn              p - ring of teleportation (curse)
MPRegen  0.10/turn              j - +4 ring of dexterity

@: lethally poisoned (-3 -> -6), lightly drained, very quick
A: very small, unfitting armour, see invisible, herbivore, speed 3, slow
metabolism 2
a: no special abilities


You were on level 4 of the Dungeon.
You were hungry.

You visited 1 branch of the dungeon, and saw 4 of its levels.

You collected 121 gold pieces.

Inventory:

Hand Weapons
 a - a +3 dagger (weapon)
Missiles
 d - 31 poisoned darts (quivered)
 e - 2 curare-tipped darts
Armour
 b - a +0 robe (worn)
 c - a +0 cloak
 o - a +0 cloak (worn)
Jewellery
 j - a +4 ring of dexterity (right hand)
 p - a cursed ring of teleportation (left hand)
Scrolls
 g - a scroll of identify
 i - a scroll of fog
 k - a scroll of magic mapping
Potions
 h - 2 potions of degeneration
Comestibles
 f - 8 rations


   Skills:
 + Level 2.1(1.7) Fighting
 * Level 5.0(4.6) Short Blades
 - Level 2.0(1.6) Throwing
 + Level 2.8(2.5) Dodging
 + Level 8.1(7.7) Stealth


You had 4 spell levels left.
You didn't know any spells.
Your spell library was empty.

Dungeon Overview and Level Annotations

Branches:
Dungeon (4/15)
 Temple: D:4-7

Altars:

Annotations:
D:3 withersans's ghost, weakling SpMo


Innate Abilities, Weirdness & Mutations

You are very small and have problems with some larger weapons.
You are too small for most types of armour.
You have supernaturally acute eyesight. (SInv)
You are a herbivore.
You cover ground extremely quickly.
You need to consume almost no food.


Message History

Aim: an adder You throw a poisoned dart.
The poisoned dart completely misses the adder.
Throwing (i - inventory. (/) - cycle)
d - 32 poisoned darts (quivered)
Press: ? - help, Shift-Dir - straight line, f/p - adder
Aim: an adder You throw a poisoned dart.
The poisoned dart hits the adder.
The adder is poisoned.
The adder barely misses you.
You miss the adder.
The adder is lightly wounded.
The adder bites you.
* * * LOW HITPOINT WARNING * * *
You are lethally poisoned!
The adder poisons you!
The iguana hisses angrily.
You hit the adder.
The adder is heavily wounded.
* * * LOW HITPOINT WARNING * * *
You feel sick. The adder bites you.
You die...

#..#........†.w.#.#......w.z#
.#...................#...o..(.
...#.............##l.#......(.
#..##................#...$....
....#.........................
...#.)........................
..........###.......[.........
#..........#.............w....
##./...(.....@...........>....
#...........S....####....#z.Z
##.....[...(...#.##....#.#...
#........#...####......##...)#
###....#.#..z##..##..###...##.
....$. ###................#..
....... ##.................(
#..#.#. #..................z
#.....zz..........#Z


You could see an iguana, a wight and an adder.

Vanquished Creatures
  A scorpion (D:3)
  2 orc wizards (D:4)
  A hound (D:2)
  A hound skeleton (D:4)
  5 adders
  An ooze (D:3)
  An adder skeleton (D:2)
  A worm (D:2)
  A dart slug (D:1)
  7 orcs
  4 ball pythons
  2 giant cockroaches
  4 goblins
  4 hobgoblins
  6 jackals (D:2)
  4 bats
  2 frilled lizards
  7 kobolds
  7 rats
61 creatures vanquished.

Notes
Turn   | Place    | Note
-------+----------+-------------------------------------------
     0 | D:1      | topirishpotato the Spriggan Assassin began the quest for
                  | the Orb.
     0 | D:1      | Reached XP level 1. HP: 10/10 MP: 2/2
   112 | D:1      | Reached skill level 6 in Stealth
   427 | D:1      | Reached XP level 2. HP: 10/14 MP: 3/3
   986 | D:2      | Reached XP level 3. HP: 8/18 MP: 4/4
  1165 | D:2      | Reached skill level 7 in Stealth
  1528 | D:2      | Reached XP level 4. HP: 23/23 MP: 5/5
  2043 | D:3      | Found a transporter.
  2046 | D:3      | Noticed withersans's ghost (weakling SpMo)
  2074 | D:3      | Found a transporter.
  2842 | D:3      | Reached XP level 5. HP: 26/26 MP: 6/6
  3833 | D:4      | Noticed a hippogriff
  3872 | D:4      | Reached skill level 8 in Stealth
  3899 | D:4      | Reached skill level 5 in Short Blades
  3934 | D:4      | HP: 1/26 [poisoned by an adder]
  3934 | D:4      | Slain by an adder

Levels and vault maps discovered:
D:1:      shiori_arrival_elements, layout_basic, nrook_mini_backslash
D:2:      layout_basic
D:3:      layout_loops_ring, first_ration, gammafunk_ghost_stat_death
D:4:      layout_cave_pools

Skill      XL: |  1  2  3  4  5 |
---------------+----------------+-----
Stealth        | 6 7 8 |  8.1
Short Blades   | 3 4 5 |  5.0
Dodging        | 2 |  2.8
Fighting       | 2 |  2.1
Throwing       | |  2.0

Action                   |  1- 3 |  4- 6 || total
-------------------------+-------+-------++-------
Melee: Dagger            |    98 |   139 ||   237
Throw: Dart              |       |    22 ||    22
  Use: Scroll            |     6 |     2 ||     8
       Potion            |       |     1 ||     1
 Stab: Sleeping          |     8 |     9 ||    17
       Distracted        |     1 |       ||     1
Armor: Robe              |    14 |    22 ||    36
Dodge: Dodged            |    76 |   112 ||   188

Table legend:
 A = Non-vault XP
 B = Vault XP
 C = Vault XP percentage of total XP
 D = Non-vault monster count
 E = Vault monster count
 F = Vault count percentage of total count
                 A         B        C        D         E       F
            +---------+---------+-------+---------+---------+-------
      Total |     376 |       0 |   0.0 |      61 |       0 |   0.0
            +---------+---------+-------+---------+---------+-------
        D:1 |      16 |       0 |   0.0 |       9 |       0 |   0.0
        D:2 |     108 |       0 |   0.0 |      24 |       0 |   0.0
        D:3 |     142 |       0 |   0.0 |      19 |       0 |   0.0
        D:4 |     110 |       0 |   0.0 |       9 |       0 |   0.0
            +---------+---------+-------+---------+---------+-------
